Map: Prion Terraces

Players

tourbus

  • Race: Terran Terran
  • Spawn Location: 11:00

Fropez - Winner!

  • Race: Protoss Protoss
  • League: Silver
  • Spawn Location: 5:00

VOD

Have the link to the VOD?

Description

Time

  • Played on: May 10, 2016, 11:42 a.m.
  • Length: 12:15
Show
View Real Time Build Order
Export as new Build Order

tourbus Terran 

Build Orders:  

Get SALT Encoding   

  12  0:00  SCV  
  13  0:13  SCV  
  14  0:21  Supply Depot  
  14  0:25  SCV  
  15  0:43  SCV  
  15  0:46  Barracks  
  16  0:51  Refinery  
  16  0:55  SCV  
  17  1:07  SCV  
  18  1:19  SCV  
  19  1:31  SCV  
  20  1:33  Supply Depot  
  20  1:34  Refinery  
  20  1:36  Barracks Reactor  
  20  1:43  SCV  
  21  1:56  SCV  
  22  2:10  Command Center  
  22  2:12  Marine  
  22  2:13  Marine  
  24  2:23  Factory  
  24  2:28  SCV  
  25  2:30  Marine x2  
  25  2:35  Supply Depot  
  27  2:48  SCV  
  28  2:57  Marine  
  28  2:58  Marine  
  30  3:11  Bunker  
  30  3:15  Factory Tech Lab  
  30  3:18  Starport  
  30  3:26  Orbital Command  
  30  3:31  SCV  
  31  3:43  Orbital Command  
  31  3:47  Siege Tank  
  34  4:01  Marine x2  
  36  4:03  Starport Reactor  
  36  4:10  SCV  
  37  4:19  SCV  
  37  4:22  SCV  
  39  4:31  SCV  
  39  4:38  SCV  
  36  4:50  SCV  
  36  4:52  Liberator x2  
  34  5:11  SCV  
  34  5:13  SCV  
  42  5:23  SCV  
  42  5:26  SCV  
  44  5:35  SCV, Liberator  
  45  5:47  SCV  
  45  5:48  Marine x2  
  48  5:59  SCV  
  48  6:03  Siege Tank  
  50  6:06  Marine  
  49  6:11  SCV  
  49  6:13  Refinery  
  49  6:15  SCV, Refinery  
  51  6:23  SCV  
  52  6:26  Marine x2  
  54  6:37  Supply Depot  
  54  6:38  Supply Depot  
  54  6:40  Supply Depot  
  54  6:42  Engineering Bay, Liberator  
  54  6:59  Marine, SCV x2  
  60  7:06  Marine  
  60  7:07  Barracks  
  61  7:09  Barracks  
  61  7:10  Barracks  
  61  7:11  SCV x2  
  63  7:16  Marine  
  64  7:23  SCV  
  64  7:24  Marine  
  66  7:35  SCV  
  64  7:45  Siege Tank  
  64  7:46  Marine x2  
  63  8:01  Command Center  
  63  8:04  Marine  
  57  8:12  Barracks Reactor  
  52  8:13  Barracks Reactor, Barracks Tech Lab  
  52  8:17  Marine, Siege Tank  
  56  8:22  Marine  
  53  8:35  Marine  
  47  9:00  Marine x2  
  47  9:01  Marine x3  
  47  9:02  Marine x2  
  53  9:05  Medivac  
  78  9:10  Medivac  
  51  9:18  Marine x3  
  51  9:19  Marine x2  
  51  9:20  Marauder  
  51  9:24  SCV  
  54  9:35  Medivac  
  54  9:36  SCV  
  48  9:42  Marauder  
  43  9:51  SCV  
  40  9:53  SCV  
  40  10:03  SCV, Marauder  
  40  10:05  SCV  
  44  10:35  Marine x2  
  44  10:36  Marine x3  
  49  10:46  SCV  
  50  10:50  SCV  
  50  10:53  Marine  
  52  10:58  SCV  
  52  11:02  SCV, Refinery  
  54  11:14  SCV  
  54  11:17  Marine x3  
  54  11:18  Marine  
  59  11:26  SCV  
  60  11:38  SCV  
  45  11:50  SCV  
  37  12:02  SCV  
Show
View Real Time Build Order
Export as new Build Order

Fropez Protoss - Winner!

Build Orders:  

Get SALT Encoding   

  12  0:01  Probe (Chrono Boost)  
  13  0:15  Pylon  
  13  0:18  Probe (Chrono Boost)  
  15  0:28  Probe (Chrono Boost)  
  15  0:37  Gateway  
  15  0:42  Probe (Chrono Boost)  
  16  0:55  Gateway  
  16  1:00  Probe (Chrono Boost)  
  17  1:05  Assimilator  
  17  1:09  Pylon  
  17  1:12  Probe (Chrono Boost)  
  18  1:22  Probe (Chrono Boost)  
  19  1:25  Pylon  
  19  1:39  Cybernetics Core  
  19  1:40  Probe (Chrono Boost)  
  20  1:50  Probe (Chrono Boost)  
  20  1:51  Assimilator  
  21  2:00  Pylon  
  22  2:01  Probe (Chrono Boost)  
  22  2:15  Warp Gate (Chrono Boost)  
  22  2:19  Gateway  
  22  2:28  Mothership Core  
  23  2:49  Probe  
  26  2:55  Adept x2  
  28  3:06  Pylon  
  28  3:08  Probe  
  28  3:11  Adept  
  31  3:16  Forge  
  31  3:22  Adept x2  
  36  3:27  Probe  
  36  3:38  Adept  
  36  3:39  Probe  
  39  3:49  Protoss Ground Weapons Level 1 (Chrono Boost)  
  37  4:10  Nexus  
  37  4:13  Pylon  
  37  4:19  Pylon  
  37  4:20  Probe  
  38  4:42  Adept x3  
  38  5:05  Probe  
  35  5:17  Probe  
  35  5:20  Gateway  
  36  5:22  Gateway  
  36  5:24  Gateway  
  36  5:34  Robotics Facility  
  36  5:39  Twilight Council  
  36  5:43  Probe  
  36  5:44  Probe  
  34  6:06  Pylon, Assimilator  
  34  6:08  Assimilator  
  34  6:11  Probe  
  33  6:12  Pylon  
  33  6:15  Pylon, Protoss Ground Weapons Level 2 (Chrono Boost)  
  33  6:17  Resonating Glaives (Chrono Boost)  
  33  6:26  Observer  
  33  6:31  Adept  
  33  6:32  Adept x2  
  40  6:33  Pylon  
  40  6:37  Adept  
  42  6:42  Adept, Probe  
  45  6:47  Probe  
  46  6:55  Immortal  
  50  7:10  Adept x3  
  50  7:13  Probe  
  50  7:15  Probe  
  57  7:23  Stalker  
  54  8:27  Adept  
  54  8:28  Adept x4  
  64  8:51  Probe  
  64  8:52  Probe  
  66  9:04  Probe  
  66  9:05  Photon Cannon  
  51  9:33  Probe  
  51  9:35  Probe  
  51  9:37  Adept x5  
  63  9:40  Immortal  
  63  9:42  Protoss Ground Weapons Level 3 (Chrono Boost)  
  63  9:44  Probe  
  63  9:45  Charge (Chrono Boost)  
  64  9:47  Probe  
  61  9:54  Probe  
  61  9:59  Probe  
  61  10:06  Stargate  
  61  10:11  Probe  
  61  10:12  Probe  
  63  10:17  Adept x5  
  63  10:19  Immortal  
  77  10:27  Probe  
  77  10:28  Probe  
  79  10:40  Gateway  
  79  10:41  Nexus  
  79  10:42  Gateway  
  79  10:45  Assimilator  
  79  10:49  Assimilator  
  79  10:58  Warp Prism  
  79  10:59  Pylon  
  81  11:06  Pylon  
  81  11:07  Adept x5  
  81  11:10  Pylon  
  91  11:15  Oracle  
  90  12:00  Adept  
  90  12:01  Adept x5  
Tags
 
League
Silver
Matchup
PvT
Replay Pack
All Mines
Spawn Locations
Cross Positions
Add a new tag
Caveats
  • Supply blocks, unpowered buildings, or Contaminate may cause inaccurate times.
  • Supply counts are checked every 10 seconds.